 Dungeon Crawl Stone Soup version 0.29-a0-319-gad05b8d819 (webtiles) character file.

Game seed: 1619962711830948875

119 sammy202020 the Skirmisher (level 4, 0/58 HPs)
             Began as a Palentonga Berserker on Apr 2, 2022.
             Was a Believer of Trog.
             Succumbed to a scorpion's poison
             ... on level 3 of the Dungeon.
             The game lasted 00:03:11 (1998 turns).

sammy202020 the Skirmisher (Palentonga Berserker)   Turns: 1998, Time: 00:03:11

Health: 0/58       AC:  8    Str: 20    XL:     4   Next: 73%
Magic:  4/4        EV:  6    Int: 10    God:    Trog [**....]
Gold:   1069       SH:  0    Dex:  9    Spells: 3/3 levels left

rFire   . . .      SeeInvis +   a - +0 hand axe
rCold   . . .      Faith    .   (no shield)
rNeg    . . .      Spirit   .   j - +1 chain mail
rPois   .          Reflect  .   (no helmet)
rElec   .          Harm     .   (no cloak)
rCorr   .          Rampage  .   (no gloves)
Will    ++...                   (no barding)
Stlth   ..........              (no amulet)
HPRegen 1.19/turn               (no ring)
MPRegen 0.09/turn               (no ring)

@: berserking (expiring), lethally poisoned (0 -> -3), strong-willed,
regenerating, studying Hexes, very quick
A: large, rugged brown scales 3, see invisible, deformed body, roll 1, armoured
tail
a: Rolling Charge, Renounce Religion, Berserk, Trog's Hand


You were on level 3 of the Dungeon.
You worshipped Trog.
Trog was pleased with you.
You visited 1 branch of the dungeon, and saw 3 of its levels.

You collected 1069 gold pieces.

Inventory:

Hand Weapons
 a - a +0 hand axe (weapon)
 e - a +0 hunting sling
Armour
 j - a +1 chain mail (worn)
Scrolls
 b - a scroll of holy word
 f - a scroll of enchant armour
 g - a scroll of summoning {unknown}
 m - a scroll of noise
Potions
 c - a potion of attraction {unknown}
 d - 2 potions of curing {unknown}
 k - a potion of flight {unknown}


   Skills:
 * Level 3.9 Fighting
 * Level 3.7 Axes
 * Level 2.5 Armour
 + Level 2.2 Dodging


You had 3 spell levels left.
You didn't know any spells.
Your spell library was empty.

Dungeon Overview and Level Annotations

Branches:
Dungeon (3/15)

Altars:

Shops:
D:2 !


Innate Abilities, Weirdness & Mutations

You are completely covered in rugged brown scales. (AC +3, +7% HP)
You have supernaturally acute eyesight. (SInv)
Armour fits poorly on your strangely shaped body.
You can roll at nearby foes to attack.
You have a long armoured tail.


Message History

You are more poisoned.
The scorpion poisons you!
You barely miss the scorpion. You tail-slap the scorpion!
The scorpion is severely wounded.
* * * LOW HITPOINT WARNING * * *
You feel very sick.
The scorpion stings you but does no damage.
You barely miss the scorpion.
The scorpion is severely wounded.
You feel very sick. The scorpion stings you.
* * * LOW HITPOINT WARNING * * *
You are lethally poisoned!
The scorpion poisons you!
You slash the scorpion!
You kill the scorpion!
Trog accepts your kill.
* * * LOW HITPOINT WARNING * * *
You feel very sick.
You have reached level 4!
You feel clever.
* * * LOW HITPOINT WARNING * * *
You feel very sick.
The frilled lizard bites you but does no damage.
There is an open door here.
You see here a ball python corpse.
You barely miss the frilled lizard.
* * * LOW HITPOINT WARNING * * *
You feel very sick. The frilled lizard barely misses you.
You slash the frilled lizard!
You kill the frilled lizard!
Trog accepts your kill.
* * * LOW HITPOINT WARNING * * *
You feel very sick.
* * * LOW HITPOINT WARNING * * *
You feel sick.
You are too berserk!
You feel a strong urge to attack something.
You die...

......... .
.........##.
............
#<.........#
##########.# # #.# #
###.## # # ##....#
+###.## #
#...#'###.@.).#
#######..##††.'###.##
.........#....)# #
########.#..).[#
#.#.....# #.##...##
#..#####.# #.#......#
#.#.#.##.#


There were no monsters in sight!

Vanquished Creatures
  A scorpion (D:3)
  2 adders
  5 ball pythons
  4 bats
  3 endoplasms
  2 giant cockroaches
  2 goblins
  4 hobgoblins
  2 jackals (D:2)
  2 quokkas (D:1)
  6 frilled lizards
  4 kobolds
  5 rats
42 creatures vanquished.

Notes
Turn   | Place    | Note
-------+----------+-------------------------------------------
     0 | D:1      | sammy202020 the Palentonga Berserker began the quest for
                  | the Orb.
     0 | D:1      | Reached XP level 1. HP: 19/19 MP: 1/1
   425 | D:1      | Reached XP level 2. HP: 22/25 MP: 2/2
   478 | D:1      | Found a faded altar of an unknown god.
  1068 | D:2      | Reached XP level 3. HP: 31/31 MP: 3/3
  1249 | D:2      | Reached ** piety under Trog
  1504 | D:2      | Found Qyliecusu's Distillery.
  1562 | D:2      | Identified a scroll of acquirement
  1562 | D:2      | Acquired 909 gold pieces
  1985 | D:3      | Noticed a scorpion
  1993 | D:3      | Killed a scorpion
  1994 | D:3      | Reached XP level 4. HP: 8/39 MP: 4/4
  1996 | D:3      | HP: 1/58 [poisoned by a scorpion]
  1998 | D:3      | Succumbed to a scorpion's poison

Illustrated notes

Levels and vault maps discovered:
D:1:      eino_arrival_cavern_e, layout_loops_ring, basic_ecumenical_altar
D:2:      layout_loops_ring, serial_shops, shop_statue,
          chequers_serial_rivers_micro_b
D:3:      layout_basic, serial_curves, eino_curves_01, eino_curves_03,
          minmay_joined_circles, uniq_ijyb

Skill      XL: |  1  2  3 |
---------------+----------+-----
Armour         | 2 |  2.5
Dodging        | 2 |  2.2
Fighting       | |  3.9
Axes           | |  3.7

Action                   |  1- 3 |  4- 6 || total
-------------------------+-------+-------++-------
Melee: Hand axe          |   130 |     2 ||   132
       Tailslap          |     4 |       ||     4
       Punch             |     1 |       ||     1
Invok: Berserk           |     1 |       ||     1
       Trog's Hand       |     1 |       ||     1
 Abil: Rolling Charge    |     2 |       ||     2
  Use: Scroll            |     8 |       ||     8
Armor: Animal skin       |    26 |       ||    26
       Chain mail        |    46 |     1 ||    47
Dodge: Dodged            |    51 |     1 ||    52

Table legend: (Time is in decaauts)
 A = Elapsed time spent in this place.
 B = Non-inter-level travel time spent in this place.
 C = Inter-level travel time spent in this place.
 D = Time resting spent in this place.
 E = Time spent auto-exploring this place.
 F = Levels seen in this place.
 G = Mean time per level.
                   A        B        C        D        E       F      G
               +--------+--------+--------+--------+--------+-----+--------+
         Total |   2013 |   1990 |     23 |      0 |   1578 |   3 |  671.0 |
       Dungeon |   2013 |   1990 |     23 |      0 |   1578 |   3 |  671.0 |
               +--------+--------+--------+--------+--------+-----+--------+

Top non-repeatable levels by time:
     D:1: 944 daAuts
     D:2: 852 daAuts
     D:3: 216 daAuts
